 Dungeon Crawl Stone Soup version 0.30.1-4-g462c640d31 (webtiles) character file.

Game seed: 13048534235715939419

27 cowcol the Trooper (level 2, -3/27 HPs)
             Began as a Minotaur Fighter on Aug 20, 2023.
             Slain by a gnoll bouda
             ... wielding a +0 whip
              (5 damage)
             ... on level 1 of the Dungeon.
             The game lasted 00:03:28 (512 turns).

cowcol the Trooper (Minotaur Fighter)                Turns: 512, Time: 00:03:28

Health: -3/27      AC:  7    Str: 20    XL:     2   Next: 93%
Magic:  1/1        EV:  9    Int:  5    God:
Gold:   53         SH:  4    Dex:  9    Spells: 1/1 levels left

rFire   . . .        a - +0 war axe
rCold   . . .        c - +0 buckler
rNeg    . . .        b - +0 scale mail
rPois   .            (helmet restricted)
rElec   .            (no cloak)
rCorr   .            (no gloves)
SInv    .            (no boots)
Will    .....        (no amulet) Stlth
                     (no ring)
HPRegen 0.24/turn    (no ring)
MPRegen 0.07/turn

%: no passive effects
@: mighty, weak-willed
A: horns 2, retaliatory headbutt
a: no special abilities


You were on level 1 of the Dungeon.
You visited 1 branch of the dungeon, and saw 2 of its levels.

You collected 53 gold pieces.

Inventory:

Hand Weapons
 a - a +0 war axe (weapon)
Armour
 b - a +0 scale mail (worn)
 c - a +0 buckler (worn)
Scrolls
 e - a scroll of immolation
 g - a scroll of magic mapping {unknown}


   Skills:
 + Level 4.2 Fighting
 + Level 3.0 Axes
 + Level 4.2 Armour
 - Level 3.6 Shields


You had one spell level left.
You didn't know any spells.
Your spell library was empty.

Dungeon Overview and Level Annotations

Branches:
Dungeon (2/15)

Altars:


Innate Abilities, Weirdness & Mutations

You have a pair of horns on your head.
You reflexively headbutt those who attack you in melee.


Message History

You see here a rat corpse.
A gnoll comes into view. It is wielding a +0 flail.
The gnoll shouts!
A gnoll bouda comes into view. It is wielding a +0 whip.
The gnoll bouda shouts!
An endoplasm comes into view.
There is a stone staircase leading up here.
You climb upwards.
There is a stone staircase leading down here.
You hit the gnoll bouda. You headbutt the gnoll bouda!
The gnoll bouda is heavily wounded.
The gnoll bouda mumbles some strange prayers to its god.
The gnoll bouda is healed somewhat.
You barely miss the gnoll bouda.
The gnoll bouda is moderately wounded.
The gnoll bouda misses you.
The gnoll bouda gazes fiercely through you!
You feel your attacks grow feeble.
The gnoll bouda hits you with a +0 whip.
You hit the gnoll bouda.
The gnoll bouda is severely wounded.
The gnoll bouda prays to its god.
The gnoll bouda is healed somewhat.
You hit the gnoll bouda but do no damage.
The gnoll bouda is moderately wounded.
The gnoll bouda hits you with a +0 whip!
You closely miss the gnoll bouda.
The gnoll bouda is moderately wounded.
The gnoll bouda hits you with a +0 whip.
The gnoll bouda hits you with a +0 whip!
* * * LOW HITPOINT WARNING * * *
You hit the gnoll bouda.
The gnoll bouda is heavily wounded.
The gnoll bouda hits you but does no damage.
You feel very mighty all of a sudden.
Your attacks no longer feel as feeble.
The gnoll bouda hits you but does no damage.
As you read the scroll labelled HOUMMO MATSUCW, it crumbles to dust.
Magic quickly surges around you.
It was a scroll of vulnerability.
The gnoll bouda hits you with a +0 whip.
You die...

##### ##.# ###..#...........#≈P
....## #.####...##...........#~~
.....## #......######.#####...##~
......# ###..### #.## ##...##
......# #..# #..## #.....#
...)..#####.### ##..###.#....
..............### ##..##.####.
.†.............g########.#..####.
..............#.@................
....#.........########......#####
#####.........# #......#
########### ########


You could see a gnoll bouda (weak-willed).

Vanquished Creatures
  A dart slug (D:1)
  2 ball pythons (D:1)
  6 endoplasms
  3 goblins (D:1)
  3 hobgoblins (D:1)
  A kobold (D:1)
  4 frilled lizards (D:1)
  3 rats
23 creatures vanquished.

Notes
Turn   | Place    | Note
-------+----------+-------------------------------------------
     0 | D:1      | cowcol the Minotaur Fighter began the quest for the Orb.
     0 | D:1      | Reached XP level 1. HP: 19/19 MP: 0/0
   121 | D:1      | Reached XP level 2. HP: 27/27 MP: 1/1
   509 | D:1      | HP: 1/27 [gnoll bouda/+0 whip (10)]
   512 | D:1      | Slain by a gnoll bouda

Illustrated notes

Levels and vault maps discovered:
D:1:      lightli_arrival_statuegarden, layout_rooms
D:2:      layout_basic, kennysheep_jessica_study

Skill      XL: |  1  2 |
---------------+-------+-----
Fighting       | 4 |  4.2
Armour         | 4 |  4.2
Axes           | 3 |  3.0
Shields        | |  3.6

Action                     || total
---------------------------++-------
  Melee: War axe           ||    60
         Headbutt          ||     9
    Use: Scroll            ||     2
         Potion            ||     1
 Armour: Scale mail        ||    24
  Dodge: Dodged            ||    24
  Block: Buckler           ||    10
